 Dungeon Crawl Stone Soup version 0.30-a0-55-g90e3122c3a (webtiles) character file.

Game seed: 5463298277241694926

4 kae the Firebug (level 1, 0/10 HPs)
             Began as a Deep Elf Fire Elementalist on Sept 9, 2022.
             Slain by a hobgoblin (2 damage)
             ... on level 1 of the Dungeon.
             The game lasted 00:00:08 (30 turns).

kae the Firebug (Deep Elf Fire Elementalist)          Turns: 30, Time: 00:00:08

Health: 0/10       AC:  2    Str:  5    XL:     1   Next: 58%
Magic:  5/6        EV: 12    Int: 19    God:
Gold:   0          SH:  0    Dex: 15    Spells: 5/6 levels left

rFire   . . .      SeeInvis .    (no weapon)
rCold   . . .      Faith    .    (no shield)
rNeg    . . .      Spirit   .    a - +0 robe
rPois   .          Reflect  .    (no helmet)
rElec   .          Harm     .    (no cloak)
rCorr   .          Rampage  .    (no gloves)
Will    .....                    (no boots)
Stlth   ++........               (no amulet)
HPRegen 0.03/turn                (no ring)
MPRegen 0.10/turn                (no ring)

@: no status effects
A: no striking features
a: no special abilities


You were on level 1 of the Dungeon.
You visited 1 branch of the dungeon, and saw 1 of its levels.


   Skills:
 - Level 2.4 Dodging
 - Level 2.4 Stealth
 + Level 3.1 Spellcasting
 * Level 1.4 Conjurations
 * Level 3.4 Fire Magic


You had 5 spell levels left.
You knew the following spells:

 Your Spells              Type           Power      Damage    Failure   Level
a - Foxfire               Conj/Fire      48%        2x1d6     5%          1

Your spell library contained the following spells:

 Spells                   Type           Power      Damage    Failure   Level
 Scorch                   Fire           32%        2d6       5%          2
 Conjure Flame            Conj/Fire      12%        6-21      17%         3
 Inner Flame              Hex/Fire       9%         N/A       22%         3
 Flame Wave               Conj/Fire      12%        2d6       50%         4

Inventory:

Armour
 a - a +0 robe (worn)

Dungeon Overview and Level Annotations

Branches:
Dungeon (1/15) Zot: 5969

Altars:

≈≈≈≈≈####≈# ......
######.∩#≈# #.....
+.....+..#≈# #....
###+###+##≈# #...#
#.....#.#≈≈# #...#
#..#..#.#≈≈# #...#
#..#..#.#≈≈####...#
+.8#8.+.'......v..#####
#..#..#.#≈≈###v@.......
#..#..#.#≈≈# ##g.......
#.....#.#≈≈# #..l.†...
###+###'##≈# #........
+.....+..#≈# #..##....
#######.<#≈# .... .)..
#≈≈≈≈≈####≈# ..... ...
≈≈≈≈≈≈≈≈≈≈≈........ ..
......!.....#...


You could see a hobgoblin (ally target) and a frilled lizard.


Message History

Lua error: /dgldir/rcfiles/crawl-git/kae.rc:525: unexpected symbol near '#' 🤖 Initializing magus.rc ...
Options error: Bad monster_list_colour key: strict_neutral (~/.crawlrc:5317) Bad channel name for runrest: 'pray:' ✅ Successfully initialized magus.rc [v1.11.3] Welcome, kae the Deep Elf Fire Elementalist.
The Orb of Zot is coveted for many reasons.
Will you seize it for your own?
Press ? for a list of commands and other information.
Found a murky puce potion.
Found a staircase leading out of the dungeon.
You open the door.
There is an open door here.
You open the door.
There is an open door here.
A dart slug comes into view.
A dart slug is nearby!
A dart slug is nearby!
A dart slug is nearby!
A dart slug is nearby!
A kobold and a ball python come into view.
The kobold is wielding a +1 dagger of speed.
The ball python hisses angrily.
Casting: Foxfire (safe; 6% risk of failure)
Confirm with . or Enter, or press ? or * to list all spells.
You conjure some foxfire!
The kobold shouts!
You hear a shout!
You hear an angry hiss.
The dart slug launches a dart at you. The slug dart hits you.
The foxfire hits the ball python.
You kill the ball python!
The dart slug launches a dart at you. The slug dart hits you.
The foxfire hits the kobold.
You kill the kobold!
A dart slug is nearby!
Casting: Foxfire (safe; 6% risk of failure)
Confirm with . or Enter, or press ? or * to list all spells.
You conjure some foxfire!
The foxfire hits the dart slug but does no damage. 😕 HP[-2] MP[-2]
You take 2 damage, and now have 8/10 hp.
You lost 2 mp, and now have 4/6 mp.
A dart slug is nearby!
A dart slug is nearby!
Casting: Foxfire (safe; 6% risk of failure)
Confirm with . or Enter, or press ? or * to list all spells.
You conjure some foxfire!
The foxfire hits the dart slug.
A hobgoblin comes into view.
The foxfire hits the dart slug. x2 😕 MP[-1]
You lost 1 mp, and now have 3/6 mp.
There are monsters nearby!
Unknown command.
There are monsters nearby!
There are monsters nearby!
Casting: Foxfire (safe; 6% risk of failure)
Confirm with . or Enter, or press ? or * to list all spells.
You conjure some foxfire!
The foxfire hits the dart slug.
The dart slug launches a dart at you. The slug dart hits you.
Ouch! That really hurt!
* * * LOW HITPOINT WARNING * * *
The foxfire hits the dart slug.
There are monsters nearby!
Casting: Foxfire (safe; 6% risk of failure)
Confirm with . or Enter, or press ? or * to list all spells.
You conjure some foxfire!
A giant cockroach comes into view.
The foxfire hits the dart slug.
The foxfire hits the dart slug but does no damage. 😱 HP[-6] MP[-1]
You take 6 damage, and now have 2/10 hp.
MASSIVE DAMAGE!! (PAUSE)
You lost 1 mp, and now have 2/6 mp.
Casting: Foxfire (safe; 6% risk of failure)
Confirm with . or Enter, or press ? or * to list all spells.
You conjure some foxfire!
A frilled lizard comes into view.
The foxfire hits the dart slug but does no damage.
The foxfire hits the dart slug.
You kill the dart slug! 😱 MP[-1]
You lost 1 mp, and now have 1/6 mp.
Unknown command.
There are monsters nearby!
Casting: Foxfire (safe; 5% risk of failure)
Confirm with . or Enter, or press ? or * to list all spells.
You conjure some foxfire!
The hobgoblin barely misses you.
The foxfire hits the hobgoblin.
The foxfire hits the hobgoblin but does no damage.
The hobgoblin closely misses you. 😱 MP[-1]
You lost 1 mp, and now have 0/6 mp.
Magic courses through your body.
The hobgoblin closely misses you. 😱 MP[+6]
Your mp is fully restored (6).
Casting: Foxfire (safe; 5% risk of failure)
Confirm with . or Enter, or press ? or * to list all spells.
You conjure some foxfire!
The hobgoblin hits you.
You die...

Action                   || total
-------------------------++-------
 Cast: Foxfire           ||     8
  Use: Potion            ||     1
Dodge: Dodged            ||     3

Levels and vault maps discovered:
D:1:      heliophobic_arrival_glass_houses, layout_basic

Notes
Turn   | Place    | Note
-------+----------+-------------------------------------------
     0 | D:1      | kae the Deep Elf Fire Elementalist began the quest for the
                  | Orb.
     0 | D:1      | Reached XP level 1. HP: 10/10 MP: 6/6
     0 | D:1      | magus.rc [v1.11.3]
    22 | D:1      | HP: 2/10 [dart slug/slug dart (6)]
    30 | D:1      | Slain by a hobgoblin

Vanquished Creatures
  A dart slug (D:1)
  A ball python (D:1)
  A kobold (D:1)
3 creatures vanquished.

Vanquished Creatures (others)
  14 foxfires (D:1)
14 creatures vanquished.

Grand Total: 17 creatures vanquished

Table legend:
 A = Non-vault XP
 B = Vault XP
 C = Vault XP percentage of total XP
 D = Non-vault monster count
 E = Vault monster count
 F = Vault count percentage of total count
                 A         B        C        D         E       F
            +---------+---------+-------+---------+---------+-------
      Total |       7 |       0 |   0.0 |       3 |       0 |   0.0
            +---------+---------+-------+---------+---------+-------
        D:1 |       7 |       0 |   0.0 |       3 |       0 |   0.0
            +---------+---------+-------+---------+---------+-------

Illustrated notes

Table legend:
 A = Kills in this place as a percentage of kills in entire the game.
 B = Kills by you in this place as a percentage of kills by you in the entire game.
 C = Kills by friends in this place as a percentage of kills by friends in the entire game.
 D = Other kills in this place as a percentage of other kills in the entire game.
 E = Experience gained in this place as a percentage of experience gained in the entire game.
 F = Experience gained in this place divided by the number of levels of this place that you have seen.
                   A       B       C       D       E      F
               +-------+-------+-------+-------+-------+----------------------
         Total | 100.0 | 100.0 |   N/A |   N/A | 100.0 |   7.0
       Dungeon | 100.0 | 100.0 |   N/A |   N/A | 100.0 |   7.0
               +-------+-------+-------+-------+-------+----------------------

Table legend: (Time is in decaauts)
 A = Elapsed time spent in this place.
 B = Non-inter-level travel time spent in this place.
 C = Inter-level travel time spent in this place.
 D = Time resting spent in this place.
 E = Time spent auto-exploring this place.
 F = Levels seen in this place.
 G = Mean time per level.
                   A        B        C        D        E       F      G
               +--------+--------+--------+--------+--------+-----+--------+
         Total |     30 |     30 |      0 |      0 |     13 |   1 |   30.0 |
       Dungeon |     30 |     30 |      0 |      0 |     13 |   1 |   30.0 |
               +--------+--------+--------+--------+--------+-----+--------+

Top non-repeatable levels by time:
     D:1: 30 daAuts
